cohdb
Replays
Latest Replays
All Replays
Popular Replays
Top Player Replays
Match Explorer
How It Works
Community
CoH3 Stats
Reddit
Sign in to upload your games and track your stats! →
Sign in with Steam
Match 37549542
Unlisted
Match 37549542
Overview
Messages
Build Orders
End
Kettenkrad Recon Vehicle
Construct Infanterie Kompanie
MG 42 Machine Gun Team
MG 42 Machine Gun Team
GrW 34 Mortar Team
Construct Panzergrenadier Kompanie
Panzergrenadier Squad
Panzergrenadier Squad
Selects Mechanized Battlegroup
Selects Mechanized Battlegroup
Selects Mechanized Battlegroup
Selects Raid Package
Selects 8 Rad Armored Car
8 Rad Armored Car
Pioneer Squad
8 Rad Armored Car
CTG|SS
michelin2_0
matrix4x4
FartNoise
General Custard Cream
ShiningRay
RedSavage
Cloud
0
0
Comments
sign in to comment!
No comments posted yet!